AoeStats
← Gpa

Lombardia

510127958Analyzed
2v2 RM · 3d ago on Sep 29, 2026· 36m 13s· 4 players
Game mode
Random Map
Map size
Medium (4 player)
Population
200
Speed
Normal
Resources
Standard
Victory
Conquest
Starting age
Dark Age
Ending age
Imperial Age
RankedLock teamsTeams togetherTeam positionsShared explorationLock speedFull tech treeHidden civsTurbo modeCheats
Victory
Defeat
🇫🇷 Magyars · France
1213
+17
🇫🇷 Danes · France
1212
+17
🇮🇹 Japanese · Italy
1229
-17
🇦🇷 Britons · Argentina
1226
-17
coco le bonobo
8:57 Feudal Age
7:52 Loom
9:33 Double-Bit Axe
15:23 Scale Barding Armor
21:07 Castle Age
18:58 Horse Collar
19:26 Gold Mining
20:28 Bloodlines
22:09 Wheelbarrow
21:31 Light Cavalry
22:33 Chain Barding Armor
23:43 Bow Saw
23:54 Husbandry
26:12 Gold Shaft Mining
32:01 Hand Cart
36:28 Imperial Age
34:40 Town Watch
35:05 Stone Mining
Gpa
9:06 Feudal Age
10:29 Double-Bit Axe
13:00 Fletching
15:12 Horse Collar
18:14 Wheelbarrow
21:22 Castle Age
20:17 Forging
21:21 Scale Mail Armor
22:23 Squires
22:40 Bow Saw
23:25 Loom
29:03 Gold Mining
30:48 Gold Shaft Mining
30:20 Heavy Plow
31:28 Chain Mail Armor
32:37 Iron Casting
38:35 Imperial Age
davidents
7:09 Loom
9:39 Feudal Age
11:02 Double-Bit Axe
11:48 Horse Collar
19:29 Castle Age
23:47 Fletching
25:01 Guard Tower
25:19 Bodkin Arrow
Matt Damon
8:19 Loom
10:27 Feudal Age
Connection lost

Rejoining the realm…

Still unreachable

The connection could not be restored.

Session expired

The server has moved on; the page needs a fresh start.